 Dungeon Crawl Stone Soup version 0.30.0 (webtiles) character file.

Game seed: 13495985383655053000

733 Ayyar the Trooper (level 7, -1/63 HPs)
             Began as a Minotaur Fighter on May 24, 2023.
             Was a Follower of Okawaru.
             Shot with an arrow by a centaur (15 damage)
             ... on level 6 of the Dungeon.
             The game lasted 00:09:52 (4075 turns).

Ayyar the Trooper (Minotaur Fighter)                Turns: 4075, Time: 00:09:53

Health: -1/63      AC:  7    Str: 23    XL:     7   Next: 45%
Magic:  6/6        EV:  9    Int:  5    God:    Okawaru [*.....]
Gold:   113        SH:  5    Dex:  9    Spells: 6/6 levels left

rFire   . . .        a - +0 flail
rCold   . . .        c - +0 buckler
rNeg    . . .        b - +0 scale mail
rPois   .            (helmet restricted)
rElec   .            (no cloak)
rCorr   .            (no gloves)
SInv    .            (no boots)
Will    .....        (no amulet) Stlth
                     (no ring)
HPRegen 0.30/turn    (no ring)
MPRegen 0.10/turn

%: no passive effects
@: no status effects
A: horns 2, retaliatory headbutt
a: Renounce Religion, Heroism


You were on level 6 of the Dungeon.
You worshipped Okawaru.
Okawaru was aware of your devotion.
You visited 2 branches of the dungeon, and saw 6 of its levels.

You collected 344 gold pieces.
You spent 231 gold pieces at shops.

Inventory:

Hand Weapons
 a - a +0 flail (weapon)
Missiles
 m - 5 poisoned darts (quivered)
Armour
 b - a +0 scale mail (worn)
 c - a +0 buckler (worn)
Wands
 r - a wand of digging (4)
 w - a wand of light (9)
Scrolls
 g - a scroll of noise {unknown}
 h - a scroll of vulnerability {unknown}
 i - 6 scrolls of identify {unknown}
 k - a scroll of teleportation {unknown}
 l - 2 scrolls of fear {unknown}
 o - a scroll of torment {unknown}
 u - a scroll of enchant armour {unknown}
 y - 2 scrolls of poison {unknown}
 z - a scroll of acquirement {unknown}
Potions
 d - a potion of might
 e - 3 potions of heal wounds
 f - a potion of magic {unknown}
 j - 3 potions of attraction {unknown}
 n - a potion of haste {unknown}
 p - a potion of invisibility {unknown}
 q - 2 potions of curing
 s - 4 potions of lignification
 t - a potion of degeneration {unknown}
 v - 2 potions of mutation
 x - a potion of ambrosia {unknown}
 A - a potion of cancellation {unknown}
 B - 2 potions of flight {unknown}


   Skills:
 + Level 6.1 Fighting
 + Level 5.4 Maces & Flails
 + Level 6.1 Armour
 + Level 6.1 Shields


You had 6 spell levels left.
You didn't know any spells.
Your spell library was empty.

Dungeon Overview and Level Annotations

Branches:
Dungeon (4/15)             Temple (1/1) D:4

Altars:
Cheibriados
Dithmenos
Elyvilon
Fedhas
Gozag
Hepliaklqana
Kikubaaqudgha
Nemelex Xobeh
Okawaru
Qazlal
Sif Muna
Trog
Vehumet
Xom
Zin
The Shining One

Shops:
D:2 :   D:3 !


Innate Abilities, Weirdness & Mutations

You have a pair of horns on your head.
You reflexively headbutt those who attack you in melee.


Message History

The steam dragon looks even sicker.
The steam dragon breathes steam at you. The ball of steam hits you.
You hit the steam dragon.
The steam dragon is moderately wounded.
You are engulfed in a cloud of scalding steam.
The steam dragon bites you. The steam dragon closely misses you.
You barely miss the steam dragon. Your headbutt misses the steam dragon.
The steam dragon is heavily wounded.
The steam dragon bites you but does no damage.
You block the steam dragon's attack.
You sock the steam dragon! Your headbutt misses the steam dragon.
The steam dragon is severely wounded.
You hear a distant slurping noise.
You hear a squelching noise.
The steam dragon breathes steam at you. The ball of steam hits you!
The steam dragon bites you. The steam dragon closely misses you.
You closely miss the steam dragon. Your headbutt misses the steam dragon.
The steam dragon is severely wounded.
You block the steam dragon's attack.
The steam dragon claws you but does no damage.
You closely miss the steam dragon.
The steam dragon is severely wounded.
You are engulfed in a cloud of scalding steam.
A centaur comes into view.
The steam dragon breathes steam at you. The ball of steam hits you!
You thump the steam dragon!
You kill the steam dragon!
Okawaru accepts your kill.
The centaur wields a +0 shortbow.
The centaur shoots an arrow.
The arrow hits you.
Your Fighting skill increases to level 6!
Your Armour skill increases to level 6!
Your Shields skill increases to level 6!
The centaur shoots an arrow.
The arrow hits you.
The centaur shoots an arrow.
The arrow hits you!
* * * LOW HITPOINT WARNING * * *
The centaur shoots an arrow.
The arrow hits you!
You die...

...............#
..........#######.
..........'.....#.
.........#.....#
.......###.....#
####......##......#
#....###..##......#
#....###..##....###
.#c.@..##.....####
#.(.(.(_......###
.....##...[.#.##
.... ##....#.# ...
#....#.# #.
...####.# # ......
..# .....# ###
#####


You could see a centaur.

Vanquished Creatures
  A steam dragon (D:6)
  2 sky beasts (D:6)
  A phantom (D:4)
  A scorpion (D:3)
  A howler monkey (D:6)
  2 hounds (D:6)
  2 jellies
  Terence (D:3)
  An orc wizard (D:3)
  A white imp (D:4)
  An ufetubus (D:6)
  2 dart slugs
  5 orcs
  4 ball pythons
  6 bats
  5 endoplasms
  2 giant cockroaches
  4 goblins
  4 hobgoblins
  2 jackals (D:1)
  6 kobolds
  2 quokkas
  2 training dummies (D:6)
  4 frilled lizards
  6 rats
68 creatures vanquished.

Notes
Turn   | Place    | Note
-------+----------+-------------------------------------------
     0 | D:1      | Ayyar the Minotaur Fighter began the quest for the Orb.
     0 | D:1      | Reached XP level 1. HP: 19/19 MP: 0/0
   182 | D:1      | Reached XP level 2. HP: 25/27 MP: 1/1
   712 | D:1      | Reached XP level 3. HP: 28/33 MP: 2/2
   995 | D:2      | Found a shadowy altar of Dithmenos.
  1449 | D:2      | Found Wonlur's Book Shoppe.
  1597 | D:2      | Found a faded altar of an unknown god.
  1889 | D:3      | Noticed a scorpion
  1901 | D:3      | Killed a scorpion
  1902 | D:3      | Reached XP level 4. HP: 20/41 MP: 3/3
  1903 | D:3      | Noticed Terence
  1916 | D:3      | Killed Terence
  1919 | D:3      | Reached XP level 5. HP: 15/47 MP: 4/4
  2488 | D:3      | Found Wecaloepn's Distillery.
  2491 | D:3      | Bought a potion of lignification for 33 gold pieces
  2491 | D:3      | Bought a potion of mutation for 88 gold pieces
  2491 | D:3      | Bought 2 potions of heal wounds for 110 gold pieces
  2679 | D:4      | Found a staircase to the Ecumenical Temple.
  2695 | Temple   | Entered the Ecumenical Temple
  3076 | Temple   | Became a worshipper of Warmaster Okawaru
  3223 | D:4      | Found a white marble altar of Elyvilon.
  3374 | D:4      | Found a blossoming altar of Fedhas.
  3436 | D:4      | Noticed a phantom
  3457 | D:4      | Killed a phantom
  3458 | D:4      | Reached skill level 5 in Fighting
  3458 | D:4      | Reached skill level 5 in Armour
  3458 | D:4      | Reached skill level 5 in Shields
  3458 | D:4      | Reached XP level 6. HP: 37/56 MP: 5/5
  3469 | D:4      | You fall into a shaft and drop 2 floors!
  3472 | D:6      | Noticed a sky beast
  3497 | D:6      | Killed a sky beast
  3852 | D:6      | Reached * piety under Okawaru
  3902 | D:6      | Noticed a sky beast
  3912 | D:6      | Killed a sky beast
  3913 | D:6      | Reached skill level 5 in Maces & Flails
  3913 | D:6      | Reached XP level 7. HP: 53/62 MP: 6/6
  4055 | D:6      | Found a bloodstained altar of Trog.
  4062 | D:6      | Noticed a steam dragon
  4073 | D:6      | Killed a steam dragon
  4075 | D:6      | Shot with an arrow by a centaur

Illustrated notes

Levels and vault maps discovered:
D:1:      dpeg_arrival_rooms_a, layout_loops_corners
D:2:      layout_basic, basic_altar, serial_shops, nicolae_shop_peninsula,
          hellmonk_ecumenical_altar_pennies_from_heaven
D:3:      layout_basic, serial_shops, nicolae_shop_behind_doors, uniq_terence
D:4:      layout_basic, mainiacjoe_overflow_alcove_2, lemuel_tele_altar,
          kennysheep_ying_yang, minmay_temple_entry_arrows
D:6:      dreamdust_elfheim, layout_gridville, nicolae_overflow_crystal_walls,
          nicolae_ru_the_path_less_chosen, uniq_duvessa
Temple:   minmay_temple_forest_path

Skill      XL: |  1  2  3  4  5  6  7 |
---------------+----------------------+-----
Armour         | 4 5 6 |  6.1
Fighting       | 4 5 6 |  6.1
Shields        | 4 5 6 |  6.1
Maces & Flails | 3 4 5 |  5.4

Action                     |  1- 3 |  4- 6 |  7- 9 || total
---------------------------+-------+-------+-------++-------
  Melee: Flail             |    98 |    97 |    13 ||   208
         Headbutt          |    16 |    18 |       ||    34
  Throw: Dart              |       |     4 |     4 ||     8
    Use: Potion            |     2 |     2 |       ||     4
 Armour: Scale mail        |    51 |    52 |     7 ||   110
  Dodge: Dodged            |    59 |    30 |     7 ||    96
  Block: Buckler           |    18 |    15 |     4 ||    37
